 Dungeon Crawl Stone Soup version 0.17-a0-1056-g838d5c0 (webtiles) character file.

1262 HEYYEYAAE the Ruffian (level 8, 0/79 HPs)
             Began as a Troll Fighter on May 16, 2015.
             Was an Initiate of Gozag.
             Slain by Pikel
             ... wielding a +2 whip of flaming
              (2 damage)
             ... on level 7 of the Dungeon.
             The game lasted 00:06:17 (3391 turns).

HEYYEYAAE the Ruffian (Troll Fighter)               Turns: 3391, Time: 00:06:17

Health: 0/79       AC:  5    Str: 31    XL:     8   Next: 27%
Magic:  7/7        EV: 10    Int:  4    God:    Gozag
Gold:   583        SH: 10    Dex: 15    Spells: 0 memorised, 7 levels left

rFire  . . .     SeeInvis +       - Unarmed
rCold  . . .     Clarity  .     a - +0 robe
rNeg   . . .     SustAb   .     b - +0 shield
rPois  .         Gourm    +     (helmet restricted)
rElec  .         Spirit   .     (no cloak)
rCorr  .         Warding  .     (gloves unavailable)
rMut   .         Stasis   .     (boots unavailable)
MR     .....                    (no amulet)
Stlth  +.........               v - +5 ring of dexterity
                                o - ring of see invisible

@: mighty, not resistant to hostile enchantments, very unstealthy
A: unfitting armour, claws 3, fast metabolism 3, gourmand, regeneration 2,
shaggy fur 1, tough skin 2
a: Potion Petition, Call Merchant, Bribe Branch, Renounce Religion


You were on level 7 of the Dungeon.
You worshipped Gozag.
Gozag was noncommittal.
You were not hungry.

You visited 2 branches of the dungeon, and saw 8 of its levels.

You collected 678 gold pieces.
You paid 95 gold pieces to Gozag.

Inventory:

Hand weapons
 y - a +0 giant spiked club
Armour
 a - a +0 robe (worn)
 b - a +0 shield (worn)
 g - a +0 shield
Jewellery
 o - a ring of see invisible (left claw)
 v - a +5 ring of dexterity (right claw)
 B - an uncursed amulet of guardian spirit {unknown}
 C - an uncursed ring of stealth {unknown}
 E - a +3 ring of strength {unknown}
 H - an uncursed amulet of the gourmand {unknown}
 K - an uncursed ring of protection from cold {unknown}
Magical devices
 h - a wand of confusion (22)
 s - a wand of flame (21)
 J - a wand of frost (28)
Scrolls
 f - 4 scrolls of identify {unknown}
 i - 2 scrolls of teleportation {unknown}
 j - a scroll of immolation {unknown}
 k - a scroll of recharging {unknown}
 l - 2 scrolls of remove curse {unknown}
 m - 3 scrolls of enchant weapon {unknown}
 p - a scroll of fear {unknown}
 r - a scroll of random uselessness {unknown}
 F - 2 scrolls of blinking {unknown}
 I - a scroll of amnesia {unknown}
Potions
 c - a potion of might
 e - 2 potions of agility
 t - a potion of degeneration {unknown}
 u - a potion of poison {unknown}
 w - a potion of flight {unknown}
 x - a potion of cure mutation {unknown}
 z - a potion of lignification {unknown}
 G - 4 potions of brilliance {unknown}
Books
 D - an Akashic Record {highlevel, unknown}

   This book is beyond your current level of understanding.

   Spells                             Type                      Level
   a - Dispersal                      Translocation                6
   b - Controlled Blink               Translocation                7
   c - Malign Gateway                 Summoning/Translocation      7
   d - Disjunction                    Translocation                8
   e - Singularity                    Translocation                9
Comestibles
 d - 7 bread rations
 q - 2 meat rations
 A - 6 fruits


   Skills:
 + Level 4.4 Fighting
 + Level 4.2 Dodging
 + Level 4.3 Shields
 * Level 6.8 Unarmed Combat


You had 7 spell levels left.
You didn't know any spells.

Dungeon Overview and Level Annotations

Branches:
Dungeon (7/15)             Temple (1/1) D:5

Altars:
Ashenzari
Cheibriados
Dithmenos
Elyvilon
Fedhas
Gozag
Kikubaaqudgha
Makhleb
Nemelex Xobeh
Qazlal
Ru
Sif Muna
Trog
Vehumet
Zin
The Shining One

Annotations:
D:7 Pikel


Innate Abilities, Weirdness & Mutations

You are too large for most types of armour.
You have claws for hands.
Your metabolism is lightning-fast.
You like to eat raw meat.
You heal very quickly.
You are covered in fur (AC +1).
You have very tough skin (AC +2).


Message History

The slave closely misses you. Pikel closely misses you. The slave hits you!
* * * LOW HITPOINT WARNING * * *
Unknown command.
You miss Pikel.
Pikel is severely wounded.
The slave hits you but does no damage. The slave closely misses you.
You block the slave's attack. The slave closely misses you.
Pikel hits you with a whip of flaming!
* * * LOW HITPOINT WARNING * * *
Pikel burns you.
* * * LOW HITPOINT WARNING * * *
Drink which item? (? for menu, Esc to quit)
You feel better. The slave barely misses you.
The slave hits you but does no damage. The slave hits you.
* * * LOW HITPOINT WARNING * * *
The slave hits you.
* * * LOW HITPOINT WARNING * * *
Pikel hits you with a whip of flaming.
You die...
Your body crumbles into a pile of gold.

#....'..#
#......
+....#..#
+......
#....####
#......
#......#####<##
##..
##......#.......
#..
#.......#...[...
#+
+.......'.......
#.......#####+##
###p@p....#
#pKp....+
#.......#
#.......#
#.:..##+##
#....# #....+
#....# ....##


You could see Pikel (bleeding) and 4 slaves.

Vanquished Creatures
  Sigmund (D:6)
  Duvessa (D:7)
  An ice beast (D:5)
  An ogre (D:5)
  2 centaurs (D:5)
  Dowan (D:7)
  A giant frog (D:6)
  A hound (D:6)
  An orc priest (D:6)
  A centaur skeleton (D:7)
  2 worker ants
  Jessica (D:3)
  2 giant frog zombies (D:4)
  2 iguanas
  2 orc wizards
  A hound skeleton (D:5)
  A worker ant zombie (D:4)
  8 adders
  2 shadow imps (D:5)
  2 oozes
  An adder skeleton (D:6)
  2 adder zombies (D:4)
  A giant gecko (D:2)
  10 orcs
  A bat skeleton (D:5)
  5 bat zombies (D:4)
  3 giant cockroaches
  9 goblins
  10 hobgoblins
  3 quokkas
  A ball python (D:3)
  12 bats
  A giant cockroach zombie (D:4)
  A giant gecko zombie (D:4)
  3 giant newts
  7 jackals (D:2)
  3 jackal zombies
  9 kobolds
  A quokka zombie (D:4)
  16 rats
133 creatures vanquished.

Notes
Turn   | Place    | Note
--------------------------------------------------------------
     0 | D:1      | HEYYEYAAE the Troll Fighter began the quest for the Orb.
     0 | D:1      | Reached XP level 1. HP: 22/22 MP: 0/0
    97 | D:1      | Reached XP level 2. HP: 26/29 MP: 1/1
   291 | D:2      | Reached XP level 3. HP: 22/36 MP: 2/2
   315 | D:2      | Reached skill level 3 in Unarmed Combat
   504 | D:3      | Found a bloodstained altar of Trog.
   623 | D:3      | Noticed Jessica
   631 | D:3      | Killed Jessica
   631 | D:3      | Reached XP level 4. HP: 44/44 MP: 3/3
   738 | D:3      | Found a radiant altar of Vehumet.
   893 | D:3      | Found a radiant altar of Vehumet.
  1014 | D:4      | Reached XP level 5. HP: 40/53 MP: 4/4
  1080 | D:4      | Reached skill level 4 in Unarmed Combat
  1155 | D:4      | Found a glowing golden altar of the Shining One.
  1204 | D:4      | Reached XP level 6. HP: 21/61 MP: 5/5
  1551 | D:5      | Entered Level 5 of the Dungeon
  1635 | D:5      | Found a shadowy altar of Dithmenos.
  1654 | D:5      | Reached skill level 5 in Unarmed Combat
  1664 | D:5      | Found a staircase to the Ecumenical Temple.
  1696 | D:5      | Reached XP level 7. HP: 21/68 MP: 6/6
  1737 | Temple   | Entered the Ecumenical Temple
  1771 | Temple   | Became a worshipper of Gozag Ym Sagoz the Greedy
  1967 | D:5      | Found a glowing silver altar of Zin.
  2555 | D:6      | Reached skill level 6 in Unarmed Combat
  2628 | D:6      | Noticed Sigmund
  2639 | D:6      | Killed Sigmund
  2639 | D:6      | Reached XP level 8. HP: 75/78 MP: 7/7
  2829 | D:6      | Found a stormy altar of Qazlal.
  3131 | D:7      | Noticed Duvessa
  3133 | D:7      | Noticed Dowan
  3147 | D:7      | Killed Duvessa
  3150 | D:7      | Killed Dowan
  3373 | D:7      | Noticed Pikel
  3390 | D:7      | HP: 3/79 [Pikel/whip of flaming (4)]
  3391 | D:7      | Slain by Pikel

Vault maps used:
D:1:      sevenhm_arrival_forest_fort_large_1
D:3:      lemuel_round_altar, old_standard_altar, vehumet_altar_wand_db,
          uniq_jessica
D:4:      grunt_temple_overflow_holy_war, first_bread, serial_undead,
          serial_undead_e, serial_undead_f, serial_undead_c, serial_undead_b,
          serial_undead_f, serial_undead_a
D:5:      overflow_temple_1_default, minmay_temple_entry_large_hall, basic_altar
D:6:      lemuel_crystal_altar, hex_large, kennysheep_doodads,
          nicolae_underground_beach, uniq_sigmund
D:7:      okawaru_altar_gauntlet_db, lemuel_doored_altar, uniq_duvessa,
          uniq_menkaure, uniq_pikel
Temple:   triangle_lava_temple_11

Action                   |  1- 3 |  4- 6 |  7- 9 || total
-------------------------+-------+-------+-------++-------
Melee: Unarmed           |   127 |   168 |   131 ||   426
  Use: Potion            |       |       |     5 ||     5
  Eat: Chunk             |     2 |    16 |     1 ||    19
       Pizza             |       |       |     1 ||     1
       Meat ration       |       |       |     1 ||     1
       Bread ration      |       |       |     1 ||     1
